 Dungeon Sprint DCSS version 0.28-b1-25-g9875b3fc8c (webtiles) character file.

Game seed: 15363615429966927384

4846 boopmooplesden the Tortoise (level 10, -6/104 HPs)
             Began as a Minotaur Fighter on Feb 1, 2022.
             Was an Initiate of Okawaru.
             Succumbed to a death drake's dark miasma
             ... in the Dungeon (Sprint II: "The Violet Keep of Menkaure").
             The game lasted 00:06:41 (2512 turns).

boopmooplesden the Tortoise (Minotaur Fighter)      Turns: 2512, Time: 00:06:42

Health: -6/104     AC: 22    Str: 25    XL:     10   Next: 25%
Magic:  18/18      EV: 10    Int:  5    God:    Okawaru [......]
Gold:   390        SH:  7    Dex: 10    Spells: 9/9 levels left

rFire   + . .      SeeInvis .   i - +1 long sword (holy)
rCold   . . .      Faith    .   c - +0 buckler
rNeg    + . .      Spirit   .   d - +3 chain mail {rF+}
rPois   .          Reflect  .   (helmet restricted)
rElec   .          Harm     .   l - +0 cloak
rCorr   .          Rampage  .   f - +0 pair of gloves
Will    .....      Rage     1%  t - +1 pair of boots
Stlth   .......... NoTele   +   (no amulet)
HPRegen 0.27/turn               k - ring "Ymeg" {rN+ Stlth+}
MPRegen 0.16/turn               n - ring of magical power

@: lethally poisoned (-6 -> -91), hasted and slowed
A: horns 2, retaliatory headbutt, berserk 1, screaming 1
a: Renounce Religion


You were in the Dungeon.
You worshipped Okawaru.
Okawaru was noncommittal.
You visited 1 branch You collected 1326 gold pieces.
You spent 936 gold pieces at shops.

Inventory:

Hand Weapons
 a - a +0 long sword
 b - a +1 rapier of venom
 i - a +1 long sword of holy wrath (weapon)
Armour
 c - a +0 buckler (worn)
 d - a +3 chain mail of fire resistance (worn)
 f - a +0 pair of gloves (worn)
 l - a +0 cloak (worn)
 t - a +1 pair of boots (worn)
Jewellery
 k - the ring "Ymeg" (left hand) {rN+ Stlth+}
   (You bought it in a shop in the Dungeon)

   [ring of positive energy]

   rN:        It protects you from negative energy.
   Stlth:     It makes you more stealthy.
 n - a ring of magical power (right hand)
Scrolls
 g - 2 scrolls of amnesia
 j - 2 scrolls of blinking
 s - a scroll of immolation {unknown}
 y - a scroll of fog {unknown}
Potions
 h - 5 potions of magic
 m - 3 potions of resistance
 o - a potion of ambrosia {unknown}
 p - 2 potions of attraction
 r - a potion of heal wounds
 u - 2 potions of flight
 v - a potion of brilliance {unknown}
 w - a potion of haste
 x - 2 potions of lignification {unknown}


   Skills:
 + Level 14.9 Fighting
 + Level 14.8 Long Blades
 + Level 15.1 Armour
 + Level 5.0 Dodging
 + Level 0.4 Stealth
 + Level 13.7 Shields


You had 9 spell levels left.
You didn't know any spells.
Your spell library was empty.

Dungeon Overview and Level Annotations

Branches:
Dungeon (1/1)

Altars:
Cheibriados
Dithmenos
Elyvilon
Fedhas
Gozag
Hepliaklqana
Kikubaaqudgha
Makhleb
Nemelex Xobeh
Okawaru
Qazlal
Ru
Sif Muna
Trog
Uskayaw
Vehumet
Wu Jian
Xom
Yredelemnul
Zin
The Shining One
Beogh
Jiyva
Lugonu

Shops:
D :=?*[(=!=[(:!:=

Annotations:
D exclusion: oklob plant


Innate Abilities, Weirdness & Mutations

You have a pair of horns on your head.
You reflexively headbutt those who attack you in melee.
You tend to lose your temper in combat.
You occasionally shout uncontrollably at your foes.


Message History

The death drake bites you but does no damage.
You feel better.
You are engulfed in dark miasma.
You are poisoned.
* * * LOW HITPOINT WARNING * * *
You feel very sick. The death drake closely misses you.
The death drake bites you but does no damage.
You slash the death drake!
The death drake is moderately wounded.
You feel sick.
The death drake bites you but does no damage.
You miss the death drake.
The death drake is moderately wounded.
You feel sick. The death drake breathes miasma at you.
The foul vapour engulfs you!
You are lethally poisoned!
You feel as though you will be slow longer.
* * * LOW HITPOINT WARNING * * *
You feel much better.
You are engulfed in dark miasma.
You are lethally poisoned!
You feel as though you will be slow longer.
* * * LOW HITPOINT WARNING * * *
You feel extremely sick. The death drake closely misses you.
You barely miss the death drake.
You headbutt the death drake, but do no damage.
The death drake is moderately wounded.
You are engulfed in dark miasma.
You are more poisoned.
* * * LOW HITPOINT WARNING * * *
x2 You feel extremely sick.
The death drake breathes miasma at you.
The foul vapour engulfs you but does no damage.
You slash the death drake! You headbutt the death drake.
The death drake is heavily wounded.
You are engulfed in dark miasma.
You are more poisoned.
* * * LOW HITPOINT WARNING * * *
You die...

≈S #...▓▓▓▓▓▓▓▓▓▓ S≈
#.°.▓≈≈≈≈≈≈≈≈▓▓ #+++##
#)}▓▓▓▓▓▓▓▓▓▓▓ .....#
#°°▓..((....▓▓ '## #.
9#):▓.....(..▓▓ #.##.####
+.##.#))▓(.[.....▓▓ ##.# ...#
...####▓..(..(..▓▓ #.####..##
#^.##°#▓)....[[.▓▓ '###.##..#
+..#@°#▓[[..).).▓▓ .##...#..#
#..#k°#▓(..)....▓▓
<.'##.'..####°.##°#▓[.)..().▓▓
.##...#....###.○.##▓▓▓▓▓▓▓'▓▓▓▓+▓
'###.##......≈≈)≈°≈≈≈≈≈≈§≈...X≈≈▓
.#####≈≈.....≈#'########§###.≈≈≈▓
#..#≈≈≈≈≈≈≈..≈#....._..#§≈≈##≈≈≈▓
#.##§§§§≈≈≈≈.≈#...._._.#§§≈≈####▓
+##≈≈§§≈§§§≈≈≈#..._._._#§§≈≈§##


You could see a death drake (catching breath).

Vanquished Creatures
  A yaktaur (D)
  3 polar bears (D)
  A hornet (D)
  12 flying skulls (D)
  3 neqoxecs (D)
  2 wyverns (D)
  Menkaure (D)
  5 water moccasins (D)
  A swamp drake (D)
  4 necrophages (D)
  5 scorpions (D)
38 creatures vanquished.

Vanquished Creatures (others)
  A neqoxec (D)
  16 tentacles (D)
17 creatures vanquished.

Grand Total: 55 creatures vanquished

Notes
Turn   | Place    | Note
-------+----------+-------------------------------------------
     0 | D        | boopmooplesden the Minotaur Fighter began the quest for the
                  | Orb.
     0 | D        | Reached XP level 1. HP: 19/19 MP: 0/0
     1 | D        | Noticed a necrophage
     1 | D        | Noticed a necrophage
     1 | D        | Noticed a necrophage
     1 | D        | Noticed a necrophage
     7 | D        | Killed a necrophage
     8 | D        | Reached skill level 6 in Armour
     8 | D        | Reached XP level 2. HP: 17/31 MP: 1/1
     8 | D        | Reached XP level 3. HP: 21/38 MP: 2/2
     8 | D        | Reached XP level 4. HP: 25/45 MP: 3/3
    10 | D        | Killed a necrophage
    11 | D        | Reached skill level 7 in Armour
    11 | D        | Reached XP level 5. HP: 26/53 MP: 4/4
    17 | D        | Killed a necrophage
    18 | D        | Reached skill level 5 in Long Blades
    18 | D        | Reached skill level 8 in Armour
    19 | D        | Killed a necrophage
    20 | D        | Reached skill level 9 in Armour
    20 | D        | Reached XP level 6. HP: 21/64 MP: 5/5
    51 | D        | Noticed Menkaure
    55 | D        | Killed Menkaure
    55 | D        | Noticed a water moccasin
    57 | D        | Killed a water moccasin
    58 | D        | Reached skill level 10 in Armour
   321 | D        | Noticed a wyvern
   321 | D        | Noticed a wyvern
   326 | D        | Killed a wyvern
   327 | D        | Reached skill level 10 in Fighting
   327 | D        | Reached skill level 10 in Shields
   327 | D        | Reached XP level 7. HP: 60/73 MP: 6/6
   332 | D        | Killed a wyvern
   333 | D        | Reached skill level 11 in Armour
   561 | D        | Reached skill level 1 in Dodging
   772 | D        | Noticed a neqoxec
   774 | D        | Gained mutation: You occasionally shout uncontrollably at
                  | your foes. [a neqoxec]
   775 | D        | Gained mutation: You tend to lose your temper in combat. [a
                  | neqoxec]
   775 | D        | Noticed a neqoxec
   777 | D        | Killed a neqoxec
   778 | D        | Reached XP level 8. HP: 82/82 MP: 7/7
   781 | D        | Reached skill level 10 in Long Blades
   781 | D        | Reached skill level 12 in Armour
   782 | D        | Found Jojemovo's Jewellery Shop.
   787 | D        | Found Taesch Deba's Book Boutique.
   787 | D        | Found Zifryro's Weapon Shop.
   787 | D        | Found Yrhomm's Antique Armour Boutique.
   787 | D        | Found Iskonidi's Distillery.
   787 | D        | Found Tycas's General Store.
   787 | D        | Found Zeops's Jewellery Shop.
   787 | D        | Found Vicsate's Antique Armour Shop.
   787 | D        | Found Erorgh's Magic Scroll Boutique.
   787 | D        | Found Xujoerim's Distillery.
   787 | D        | Found Egoggici's Antique Weapon Boutique.
   808 | D        | Found Wemiepewk's Jewellery Boutique.
   809 | D        | Found Jouwyofe's Book Boutique.
   809 | D        | Found Yroenuch's Jewellery Shop.
   811 | D        | Noticed a slime creature
   833 | D        | Noticed a flying skull
   833 | D        | Noticed a flying skull
   835 | D        | Noticed a flying skull
   836 | D        | Noticed a flying skull
   849 | D        | Killed a flying skull
   856 | D        | Killed a flying skull
  1162 | D        | Noticed an oklob plant
  1162 | D        | Noticed a slime creature
  1163 | D        | Found Ununarch's Book Shoppe.
  1165 | D        | Noticed a slime creature
  1169 | D        | Noticed a polar bear
  1170 | D        | Bought a runed chain mail for 225 gold pieces
  1170 | D        | Bought a pair of gloves for 135 gold pieces
  1172 | D        | Noticed a polar bear
  1199 | D        | Noticed a flying skull
  1201 | D        | Bought a +1 long sword of holy wrath for 159 gold pieces
  1204 | D        | Bought the ring "Ymeg" {rN+ Stlth+} for 417 gold pieces
  1215 | D        | Killed a flying skull
  1216 | D        | Reached skill level 13 in Armour
  1223 | D        | Killed a flying skull
  1224 | D        | Reached XP level 9. HP: 68/92 MP: 8/8
  1276 | D        | Reached skill level 14 in Armour
  1624 | D        | Found a blossoming altar of Fedhas.
  1624 | D        | Found an opulent altar of Gozag.
  1625 | D        | Found a white marble altar of Elyvilon.
  1625 | D        | Found a burning altar of Makhleb.
  1625 | D        | Found a sparkling altar of Nemelex Xobeh.
  1626 | D        | Found a shadowy altar of Dithmenos.
  1626 | D        | Found a corrupted altar of Lugonu.
  1626 | D        | Found a hide-covered altar of Uskayaw.
  1627 | D        | Found a snail-covered altar of Cheibriados.
  1627 | D        | Found an ancient bone altar of Kikubaaqudgha.
  1627 | D        | Found a bloodstained altar of Trog.
  1628 | D        | Found a viscous altar of Jiyva.
  1628 | D        | Found a shimmering blue altar of Sif Muna.
  1629 | D        | Found a hazy altar of Hepliaklqana.
  1629 | D        | Found a sacrificial altar of Ru.
  1630 | D        | Found a shimmering altar of Xom.
  1630 | D        | Noticed a polar bear
  1631 | D        | Found a stormy altar of Qazlal.
  1631 | D        | Found an ornate altar of the Wu Jian Council.
  1631 | D        | Found a basalt altar of Yredelemnul.
  1631 | D        | Found a glowing golden altar of the Shining One.
  1631 | D        | Noticed a polar bear
  1631 | D        | Noticed a polar bear
  1632 | D        | Found an iron altar of Okawaru.
  1632 | D        | Found a radiant altar of Vehumet.
  1632 | D        | Found a glowing silver altar of Zin.
  1632 | D        | Noticed a yaktaur
  1650 | D        | Killed a polar bear
  1663 | D        | Killed a polar bear
  1664 | D        | Reached XP level 10. HP: 50/104 MP: 9/9
  1683 | D        | Noticed an ice statue
  1686 | D        | Became a worshipper of Warmaster Okawaru
  1926 | D        | Noticed a kraken
  1947 | D        | Reached skill level 15 in Armour
  2477 | D        | Noticed a crystal guardian
  2492 | D        | Reached skill level 5 in Dodging
  2497 | D        | Noticed a death drake
  2512 | D        | Succumbed to a death drake's dark miasma

Illustrated notes

Levels and vault maps discovered:
D:        the_violet_keep_of_menkaure [sprint2_stairs_cluster_1,
          sprint2_shoproom, sprint2_temple, sprint2_basic_supplies,
          sprint2_obstacle_1, sprint2_obstacle_2, sprint2_obstacle_7,
          sprint2_obstacle_3, sprint2_obstacle_6, sprint2_timed_cluster_1,
          sprint2_smallroom_cluster_1, sprint2_smallroom_final_cluster_1,
          sprint2_transparent_cluster_1, sprint2_second_timed_cluster_1,
          sprint2_sniper_area_1, sprint2_heavy_combat_area_1,
          sprint2_mutation_trap_area_1, sprint2_forest_area_1,
          sprint2_light_combat_area_1, sprint2_behind_water_1,
          sprint2_near_end_vault_1]

Skill      XL: |  1  2  3  4  5  6  7  8  9 10 |
---------------+-------------------------------+-----
Fighting       | 6 8 9 10 11 12 14 | 14.9
Long Blades    | 3 4 6 7 9 12 14 | 14.8
Armour         | 6 7 9 10 11 13 14 15 | 15.1
Shields        | 6 7 9 10 11 12 13 | 13.7
Dodging        | 1 2 4 5 |  5.0
Stealth        | |  0.4

Action                   |  1- 3 |  4- 6 |  7- 9 | 10-12 || total
-------------------------+-------+-------+-------+-------++-------
Melee: Long sword        |     5 |    20 |   158 |    61 ||   244
       Headbutt          |     1 |     2 |    18 |     7 ||    28
  Use: Potion            |     1 |       |     3 |     4 ||     8
       Scroll            |       |       |       |     3 ||     3
Armor: Scale mail        |     1 |     5 |    17 |       ||    23
       Chain mail        |       |       |    52 |    28 ||    80
Dodge: Dodged            |     3 |     7 |    52 |    25 ||    87
Block: Buckler           |       |     3 |    50 |    17 ||    70
